 Dungeon Crawl Stone Soup version 0.20.1-1-g8b1a95d (webtiles) character file.

7287 vineage the Carver (level 10, -4/90 HPs)
             Began as a Minotaur Fighter on Nov 5, 2017.
             Was a Priest of Okawaru.
             Engulfed by a cloud of flame (11 damage)
             ... on level 8 of the Dungeon.
             The game lasted 00:11:06 (6808 turns).

vineage the Carver (Minotaur Fighter)               Turns: 6808, Time: 00:11:06

Health: -4/90      AC:  9    Str: 24    XL:     10   Next: 89%
Magic:  0/9        EV: 16    Int:  5    God:    Okawaru [***...]
Gold:   251        SH: 13    Dex: 10    Spells: 9/9 levels left

rFire    . . .     SeeInvis .   a - +0 long sword
rCold    + . .     Gourm    .   c - +0 shield
rNeg     . . .     Faith    .   D - +0 ring mail {rC+}
rPois    .         Spirit   +   p - +1 hat
rElec    .         Reflect  .   (no cloak)
rCorr    .         Harm     .   (no gloves)
MR       .....                  (no boots)
Stlth    ++........             e - amulet of guardian spirit
Regen    0.3/turn               s - ring of wizardry
MPRegen  0.2/turn               (no ring)

@: about to teleport, heroism
A: retaliatory headbutt, horns 2
a: Heroism, Renounce Religion


You were on level 8 of the Dungeon.
You worshipped Okawaru.
Okawaru was most pleased with you.
You were not hungry.

You visited 2 branches of the dungeon, and saw 9 of its levels.

You collected 251 gold pieces.

Inventory:

Hand Weapons
 a - a +0 long sword (weapon)
Armour
 b - a +0 scale mail
 c - a +0 shield (worn)
 p - a +1 hat (worn)
 D - a +0 ring mail of cold resistance (worn)
Jewellery
 e - an amulet of guardian spirit (around neck)
 n - an uncursed amulet of magic regeneration {unknown}
 s - a ring of wizardry (left hand)
 x - an uncursed ring of poison resistance {unknown}
 y - an uncursed ring of protection from cold {unknown}
 C - an uncursed ring of poison resistance {unknown}
 G - an uncursed ring of protection from cold {unknown}
Wands
 t - a wand of random effects (30/48)
 z - a wand of random effects (23/48)
 A - a wand of disintegration (15/24)
Scrolls
 d - a scroll of fear {unknown}
 g - a scroll of blinking {unknown}
 i - 2 scrolls of recharging {unknown}
 k - 4 scrolls of teleportation
 l - a scroll of immolation
 o - 3 scrolls of remove curse {unknown}
 u - 3 scrolls of enchant armour {unknown}
 v - a scroll of torment {unknown}
 w - 3 scrolls of identify
 H - a scroll of holy word {unknown}
Potions
 m - a potion of brilliance
 r - a potion of ambrosia
 B - a potion of invisibility
Books
 E - a book of Changes

   Spells                             Type                      Level
   a - Beastly Appendage              Transmutation                1
   b - Sticks to Snakes               Transmutation                2
   c - Spider Form                    Transmutation/Poison         3
   d - Ice Form                       Ice/Transmutation            4
   e - Blade Hands                    Transmutation                5
Comestibles
 f - 2 bread rations
 h - 6 meat rations
 j - a chunk of flesh
 q - 2 royal jellies


   Skills:
 + Level 8.6(13.6) Fighting
 - Level 14.1(19.1) Long Blades
 + Level 8.7(13.7) Armour
 + Level 6.5(11.5) Dodging
 + Level 8.8(13.8) Shields


You had 9 spell levels left.
You didn't know any spells.

Dungeon Overview and Level Annotations

Branches:
Dungeon (8/15)             Temple (1/1) D:6
   Lair: D:8-11

Altars:
Ashenzari
Cheibriados
Dithmenos
Fedhas
Gozag
Hepliaklqana
Kikubaaqudgha
Makhleb
Nemelex Xobeh
Okawaru
Qazlal
Sif Muna
Trog
Uskayaw
Xom
Yredelemnul
Zin
The Shining One

Annotations:
D:8 Joseph


Innate Abilities, Weirdness & Mutations

You reflexively headbutt those who attack you in melee.
You have a pair of horns on your head.


Message History

You slash the death yak!
The death yak explodes!
The fiery explosion engulfs you!
* * * LOW HITPOINT WARNING * * *
The fiery explosion engulfs the death yak.
The death yak is moderately wounded.
The fiery explosion engulfs the death yak.
The death yak is heavily wounded.
The fiery explosion engulfs the death yak.
The death yak is moderately wounded.
Okawaru is honoured by your kill.
Okawaru will gift you ammunition as your piety grows.
You are engulfed in blazing flames.
* * * LOW HITPOINT WARNING * * *
You hear a shout!
The death yak is engulfed in blazing flames. x2
Unknown command.
As you read the scroll of teleportation, it crumbles to dust.
You feel strangely unstable.
You are engulfed in blazing flames.
You die...

#..#....# ###........#
#'##....##### #....#######
............# #....#.....#
............# #....#.....#
............# #....#'#####
............# #.YY.......#
............# #YY........#
............#####YYY.......######
########'###....@####...........#
# #......#.....'..#######...... #
#......+.....#...# #...... #
#......#.>...#...# #...... #
########.....##### #...... #
####### #######


You could see 7 death yaks.

Vanquished Creatures
  A two-headed ogre (D:7)
  A death yak (D:8)
  The ghost of Fauxtato86 the Chopper, a novice DDFi of Ru (D:7)
  Pikel (D:4)
  A deep elf mage (D:6)
  Sigmund (D:5)
  Menkaure (D:6)
  Edmund (D:6)
  The ghost of Ymberto the Digger, an amateur DEEE (D:4)
  3 orc warriors
  2 ogres
  A centaur (D:7)
  A big kobold (D:6)
  A bullfrog (D:8)
  A wyvern zombie (D:7)
  2 scorpions
  A water moccasin skeleton (D:8)
  A quasit (D:6)
  A bullfrog zombie (D:6)
  3 hounds
  4 jellies
  8 orc wizards
  A centaur skeleton (D:5)
  2 iguanas (D:6)
  5 worker ants
  A hound skeleton (D:7)
  A howler monkey zombie (D:7)
  3 gnolls (D:5)
  7 adders
  A shadow imp (D:6)
  An ooze (D:3)
  3 worms
  3 dart slugs
  A leopard gecko (D:7)
  25 orcs
  4 bats
  7 giant cockroaches
  6 goblins
  11 hobgoblins
  13 jackals
  13 kobolds
  3 quokkas
  A ball python (D:4)
  7 frilled lizards
  A jackal zombie (D:8)
  A leopard gecko skeleton (D:8)
  A quokka skeleton (D:6)
  9 rats
169 creatures vanquished.

Notes
Turn   | Place    | Note
-------+----------+-------------------------------------------
     0 | D:1      | vineage the Minotaur Fighter began the quest for the Orb.
     0 | D:1      | Reached XP level 1. HP: 19/19 MP: 0/0
    80 | D:1      | Reached skill level 3 in Long Blades
   201 | D:1      | Reached XP level 2. HP: 21/26 MP: 1/1
   704 | D:1      | Reached skill level 4 in Long Blades
   731 | D:2      | Reached XP level 3. HP: 25/31 MP: 2/2
   920 | D:2      | Reached skill level 5 in Long Blades
   942 | D:2      | Reached XP level 4. HP: 26/39 MP: 3/3
   990 | D:2      | Found a hazy altar of Hepliaklqana.
  1283 | D:3      | Reached skill level 6 in Long Blades
  1329 | D:3      | Reached XP level 5. HP: 36/45 MP: 4/4
  1503 | D:4      | Noticed Ymberto's ghost (amateur DEEE)
  1512 | D:4      | Killed Ymberto's ghost
  1512 | D:4      | Reached skill level 7 in Long Blades
  1631 | D:4      | Reached XP level 6. HP: 51/51 MP: 5/5
  1790 | D:4      | Reached skill level 8 in Long Blades
  1953 | D:4      | Noticed a slave
  1954 | D:4      | Noticed Pikel
  1954 | D:4      | Noticed a slave
  1954 | D:4      | Noticed a slave
  1956 | D:4      | Noticed a slave
  2340 | D:4      | Killed Pikel
  2340 | D:4      | Reached skill level 10 in Long Blades
  2340 | D:4      | Reached XP level 7. HP: 33/57 MP: 6/6
  2792 | D:5      | Entered Level 5 of the Dungeon
  3008 | D:5      | Reached skill level 11 in Long Blades
  3265 | D:5      | Reached XP level 8. HP: 59/64 MP: 5/7
  3291 | D:5      | Noticed Sigmund
  3301 | D:5      | Killed Sigmund
  3659 | D:6      | Found a staircase to the Ecumenical Temple.
  3670 | D:6      | Reached skill level 12 in Long Blades
  3675 | Temple   | Entered the Ecumenical Temple
  3694 | Temple   | Became a worshipper of Warmaster Okawaru
  3767 | D:5      | Found a hide-covered altar of Uskayaw.
  3810 | D:6      | Noticed Menkaure
  3815 | D:6      | Killed Menkaure
  3847 | D:6      | Reached skill level 13 in Long Blades
  4162 | D:6      | Noticed Edmund
  4176 | D:6      | Killed Edmund
  4964 | D:6      | Noticed a deep elf mage
  4975 | D:6      | Killed a deep elf mage
  4975 | D:6      | Reached * piety under Okawaru
  4975 | D:6      | Reached skill level 14 in Long Blades
  4975 | D:6      | Reached XP level 9. HP: 50/70 MP: 4/8
  5290 | D:6      | Reached XP level 10. HP: 63/88 MP: 9/9
  5649 | D:7      | Reached ** piety under Okawaru
  5812 | D:7      | Noticed Fauxtato86's ghost (novice DDFi)
  5837 | D:7      | Killed Fauxtato86's ghost
  6269 | D:8      | Noticed a two-headed ogre
  6270 | D:8      | Noticed Joseph
  6574 | D:7      | Killed a two-headed ogre
  6695 | D:8      | Reached *** piety under Okawaru
  6782 | D:8      | Noticed a death yak
  6782 | D:8      | Noticed a death yak
  6783 | D:8      | Noticed a death yak
  6783 | D:8      | Noticed a death yak
  6783 | D:8      | Noticed a death yak
  6798 | D:8      | Noticed a death yak
  6801 | D:8      | Noticed a death yak
  6803 | D:8      | Noticed a death yak
  6807 | D:8      | Killed a death yak
  6808 | D:8      | Engulfed by a cloud of flame

Skill      XL: |  1  2  3  4  5  6  7  8  9 10 |
---------------+-------------------------------+-----
Long Blades    | 3 4 5 6 7 10 11 14 | 14.1
Armour         | 7 8 |  8.7
Shields        | 7 8 |  8.8
Fighting       | 7 8 |  8.6
Dodging        | 6 |  6.5

Action                   |  1- 3 |  4- 6 |  7- 9 | 10-12 || total
-------------------------+-------+-------+-------+-------++-------
Melee: Long sword        |    94 |   137 |   182 |   129 ||   542
       Headbutt          |    15 |    31 |    36 |    34 ||   116
Invok: Heroism           |       |       |       |     3 ||     3
  Use: Scroll            |       |     5 |     5 |     3 ||    13
       Potion            |       |     2 |     3 |     2 ||     7
  Eat: Chunk             |       |     4 |     8 |     6 ||    18
       Fruit             |       |       |     1 |       ||     1
Armor: Scale mail        |    36 |    43 |    57 |       ||   136
       Ring mail         |       |       |       |    19 ||    19
Dodge: Dodged            |    26 |    35 |    38 |    27 ||   126
Block: Shield            |    46 |    81 |    77 |    58 ||   262
       Rpst.: Long sword |     6 |    13 |    10 |     5 ||    34
